 Dungeon Crawl Stone Soup version 0.21-a0-19-g210df22 (webtiles) character file.

21936 Duffy the Destroyer (level 12, -3/90 HPs)
             Began as a Demigod Fire Elementalist on May 24, 2017.
             Slain by a six-headed hydra (5 damage)
             ... on level 6 of the Lair of Beasts on May 25, 2017.
             The game lasted 00:31:03 (20999 turns).

Duffy the Destroyer (Demigod Fire Elementalist)    Turns: 20999, Time: 00:31:03

Health: -3/90      AC: 11    Str: 23    XL:     12   Next: 27%
Magic:  26/26      EV: 22    Int: 27    God:
Gold:   785        SH:  0    Dex: 21    Spells: 12/25 levels left

rFire    + + .     SeeInvis .   D - staff of fire
rCold    + + .     Gourm    +   (no shield)
rNeg     + . .     Faith    .   U - +2 leather armour of Honesty {+Blink rElec}
rPois    +         Spirit   .   N - +0 hat
rElec    +         Reflect  .   S - +2 cloak
rCorr    +         Harm     .   A - +2 pair of gloves {Str+3}
MR       +....     Rnd*Rage +   (no boots)
Stlth    +++.......             E - amulet of the gourmand
Regen    0.3/turn               I - ring of positive energy
MPRegen  0.2/turn               h - ring of protection from cold

@: mighty, agile, resistant, slowed, studying Maces & Flails, very slow
A: berserk 1, blurry vision 1, frail 1, high mp 1, strong 2
a: Evoke Blink


You were on level 6 of the Lair of Beasts.
You were completely stuffed.

You visited 2 branches of the dungeon, and saw 16 of its levels.
You also visited: Labyrinth and Ossuary.

You collected 987 gold pieces.
You spent 202 gold pieces at shops.

Inventory:

Hand Weapons
 p - a +2 blowgun
Missiles
 w - 2 throwing nets (quivered)
Armour
 A - a +2 pair of gloves of strength (worn)
 N - a +0 hat (worn)
 S - a +2 cloak (worn)
 U - the +2 leather armour of Honesty (worn) {+Blink rElec}
   (You found it in a labyrinth)

   It insulates you from electricity.
   It lets you blink.
Magical Staves
 D - an uncursed staff of fire (weapon)
Jewellery
 h - a ring of protection from cold (right hand)
 y - an uncursed ring of protection from fire
 E - an amulet of the gourmand (around neck)
 I - a ring of positive energy (left hand)
 M - an uncursed ring of protection from fire
 Q - an uncursed ring of see invisible
 X - an uncursed ring of wizardry
Wands
 t - a wand of lightning (6/15)
 G - a wand of confusion (28/48)
 H - a wand of acid (10/15)
 K - a wand of scattershot (6/9)
 P - a wand of iceblast (7/15)
 Y - a wand of digging (12/24)
Scrolls
 a - 2 scrolls of remove curse
 d - 7 scrolls of teleportation
 g - a scroll of immolation
 i - 2 scrolls of amnesia
 n - a scroll of fog
 q - 3 scrolls of enchant armour
 s - a scroll of vulnerability
 x - a scroll of recharging
 F - a scroll of identify
 L - a scroll of fear
 R - a scroll of magic mapping
Potions
 e - 2 potions of might
 j - 7 potions of curing
 k - a potion of heal wounds
 m - 3 potions of flight
 r - 5 potions of brilliance
 u - a potion of agility
 v - 3 potions of lignification
 z - a potion of resistance
 C - a potion of magic
 J - a potion of haste
Books
 b - a book of Flames

   Spells                             Type                      Level
   a - Flame Tongue                   Conjuration/Fire             1
   b - Throw Flame                    Conjuration/Fire             2
   c - Conjure Flame                  Conjuration/Fire             3
   d - Inner Flame                    Hexes/Fire                   3
   e - Sticky Flame                   Conjuration/Fire             4
   f - Fireball                       Conjuration/Fire             5
 T - a book of Transfigurations

   Spells                             Type                      Level
   a - Irradiate                      Conjuration/Transmutation    5
   b - Statue Form                    Transmutation/Earth          6
   c - Hydra Form                     Transmutation                6
   d - Dragon Form                    Transmutation                7
 V - a book of Enchantments

   Spells                             Type                      Level
   a - Cause Fear                     Hexes                        4
   b - Yara's Violent Unravelling     Hexes/Transmutation          5
   c - Silence                        Hexes/Air                    5
   d - Deflect Missiles               Charms/Air                   6
   e - Discord                        Hexes                        8
 W - a manual of Maces & Flails
 Z - a book of Cantrips

   Spells                             Type                      Level
   a - Confusing Touch                Hexes                        1
   b - Animate Skeleton               Necromancy                   1
   c - Summon Small Mammal            Summoning                    1
   d - Apportation                    Translocation                1
Miscellaneous
 o - a lightning rod (4/4)
Comestibles
 c - 14 bread rations
 f - 8 meat rations
 l - 5 royal jellies
 B - a fruit


   Skills:
 - Level 8.0 Fighting
 - Level 7.0 Dodging
 - Level 1.7 Stealth
 - Level 7.0 Spellcasting
 + Level 10.3 Conjurations
 + Level 10.2 Fire Magic
 - Level 4.0 Evocations


You had 12 spell levels left.
You knew the following spells:

 Your Spells              Type           Power        Failure   Level  Hunger
a - Flame Tongue          Conj/Fire      #####        1%          1    None
j - Sticky Flame          Conj/Fire      #######.     1%          4    ###....
k - Fireball              Conj/Fire      #######...   2%          5    #####..
l - Conjure Flame         Conj/Fire      #######.     1%          3    None


Dungeon Overview and Level Annotations

Branches:
Dungeon (10/15)            Temple (0/1) D:5            Lair (6/6) D:10
    Orc (0/2) D:10
  Swamp: Lair:2-4    Shoals: Lair:2-4     Snake: Lair:2-4    Spider: Lair:2-4
  Slime: Lair:5-6

Shops:
D:4 [   D:8 [(   D:10 (

Annotations:
D:10 Erolcha


Innate Abilities, Weirdness & Mutations

You have an increased reservoir of magic. (+10% MP)
You tend to lose your temper in combat.
Scrolls take you a little longer to read.
You are frail. (-10% HP)
Your muscles are very strong. (Str +4)


Message History

The spiny frog misses you. The hippogriff misses you.
The hippogriff closely misses you. The hippogriff misses you.
The torpor snail bites you but does no damage.
The elephant closely misses you. The elephant misses you.
The six-headed hydra barely misses you. The six-headed hydra misses you.
The six-headed hydra completely misses you.
The six-headed hydra bites you.
The six-headed hydra bites you but does no damage. x2
The dream sheep misses you.
You feel very mighty all of a sudden. The elephant closely misses you.
The elephant trunk-slaps you. The spiny frog closely misses you.
The dream sheep shake their wool and sparkle.
You feel drowsy...
You fall asleep.
The elephant barely misses you. The elephant trunk-slaps you.
You wake up.
The hippogriff completely misses you. The hippogriff misses you.
The hippogriff claws you but does no damage.
The dream sheep barely misses you. The six-headed hydra misses you.
The six-headed hydra bites you.
You die...

.......#. .
#.....#.. ..
.......# ...
##.....P#
...P##.......##
.......Y.......
......YYwY.....
......H@YY.....
......DF.......
...............
.P#P.#...P.#..#
. #..##...## ##
#[ #.### # ###


You could see a six-headed hydra, 3 elephants, a torpor snail, a hippogriff, a
spiny frog and 3 dream sheep.

Vanquished Creatures
  A minotaur (Lab)
  Fannar (Lair:1)
  3 hydras
  Harold (Lair:1)
  3 death yaks (D:10)
  An unseen horror (D:10)
  Pikel (D:8)
  A cyclops (D:9)
  A black mamba (Lair:2)
  3 spiny frogs
  A komodo dragon (Lair:1)
  A polar bear (Lair:4)
  Prince Ribbit (D:7)
  7 hippogriffs
  A spriggan (D:9)
  24 yaks
  A basilisk (Lair:3)
  A wyvern (Lair:3)
  2 hungry ghosts
  10 water moccasins
  Duvessa (D:7)
  2 ice beasts (D:7)
  An orc warrior (D:10)
  7 porcupines
  2 sky beasts (D:5)
  4 ogres
  A necrophage (D:6)
  A black bear (D:8)
  3 wolves (Lair:1)
  2 centaurs
  9 crocodiles
  A gnoll sergeant (D:10)
  The ghost of oki the Skirmisher, an amateur VSFi (D:3)
  7 bullfrogs
  Dowan (D:7)
  A wyvern skeleton (D:6)
  3 scorpions
  8 killer bees
  2 howler monkeys
  A spriggan skeleton (Lab)
  4 wights (D:10)
  2 jellies
  4 bullfrog skeletons
  2 hounds
  2 centaur skeletons (Lab)
  5 orc priests
  11 orc wizards
  3 iguanas
  5 hell rats (Lair:2)
  5 worker ants
  A big kobold zombie (Ossuary)
  An ogre skeleton (Lab)
  2 hound skeletons
  2 hound zombies
  9 mummies
  2 worker ant zombies
  12 adders
  13 gnolls
  4 shadow imps
  2 oozes
  4 adder skeletons
  4 worms
  A dart slug (D:1)
  4 leopard geckos
  39 orcs
  7 bats
  5 giant cockroaches
  13 goblins
  7 hobgoblins
  8 jackals
  5 quokkas
  A ball python (D:1)
  6 frilled lizards
  4 hobgoblin zombies (Ossuary)
  8 kobolds
  2 kobold zombies (Ossuary)
  A leopard gecko zombie (D:6)
  An orc zombie (Ossuary)
  2 quokka zombies
  7 rats
  2 fungi (Lair:4)
345 creatures vanquished.

Vanquished Creatures (collateral kills)
  A komodo dragon (Lair:4)
  A water moccasin (Lair:4)
2 creatures vanquished.

Vanquished Creatures (others)
  A slave (D:8)
  An ogre (D:7)
  A hound (D:8)
  An iguana (D:7)
  A gnoll (D:7)
  5 fungi
  2 plants
12 creatures vanquished.

Grand Total: 359 creatures vanquished

Notes
Turn   | Place    | Note
-------+----------+-------------------------------------------
     0 | D:1      | Duffy the Demigod Fire Elementalist began the quest for the Orb.
     0 | D:1      | Reached XP level 1. HP: 14/14 MP: 5/5
    20 | D:1      | Reached skill level 1 in Conjurations
   287 | D:1      | Reached XP level 2. HP: 20/20 MP: 2/7
  1006 | D:1      | Reached XP level 3. HP: 26/26 MP: 6/9
  1020 | D:1      | Learned a level 3 spell: Conjure Flame
  2159 | D:1      | Reached XP level 4. HP: 32/33 MP: 6/10
  2207 | D:1      | Learned a level 4 spell: Sticky Flame
  2571 | D:3      | Noticed oki's ghost (amateur VSFi)
  3225 | D:3      | Reached XP level 5. HP: 38/38 MP: 7/12
  3563 | D:3      | Killed oki's ghost
  3970 | D:4      | Found a sand-covered staircase.
  3978 | D:4      | Reached XP level 6. HP: 20/45 MP: 1/14
  4124 | Ossuary  | Entered an ossuary
  5196 | D:4      | Reached XP level 7. HP: 48/50 MP: 10/16
  5519 | D:4      | Found Laosotz's Antique Armour Shop.
  5610 | D:4      | Found an opulent altar of Gozag.
  5711 | D:4      | Reached skill level 5 in Conjurations
  5887 | D:4      | Bought a pair of runed gloves for 202 gold pieces
  5904 | D:5      | Entered Level 5 of the Dungeon
  6104 | D:5      | Found a white marble altar of Elyvilon.
  6114 | D:5      | Found a staircase to the Ecumenical Temple.
  6274 | D:5      | Reached skill level 5 in Fire Magic
  6278 | D:5      | Gained mutation: Scrolls take you a little longer to read. [mutagenic meat]
  6279 | D:5      | Gained mutation: Your body sometimes deteriorates upon taking damage. [mutagenic meat]
  6280 | D:5      | Gained mutation: Your muscles are strong. (Str +2) [mutagenic meat]
  6281 | D:5      | Gained mutation: You occasionally shout uncontrollably at your foes. [mutagenic meat]
  6282 | D:5      | Lost mutation: Your body sometimes deteriorates upon taking damage. [potion of mutation]
  6282 | D:5      | Lost mutation: Scrolls take you a little longer to read. [potion of mutation]
  6282 | D:5      | Gained mutation: Your mind is acute. (Int +2) [potion of mutation]
  6962 | D:5      | Reached XP level 8. HP: 50/57 MP: 1/18
  6967 | D:5      | Gained mutation: You have sharp toenails. [mutagenic meat]
  6968 | D:5      | Gained mutation: You are clumsy. (Dex -2) [mutagenic meat]
  6969 | D:5      | Gained mutation: You are frail. (-10% HP) [mutagenic meat]
  8290 | D:6      | Reached skill level 5 in Spellcasting
  8296 | D:6      | Got a twisted leather armour
  8307 | D:6      | Identified the cursed +0 leather armour of Qazlal's Esteem {rC+ rN+} (You found it on level 6 of the Dungeon)
  8315 | D:6      | Learned a level 5 spell: Fireball
  8364 | D:6      | Reached skill level 1 in Fighting
  8944 | D:7      | Noticed Prince Ribbit
  8952 | D:7      | Killed Prince Ribbit
  9443 | D:7      | Found a shimmering altar of Xom.
  9444 | D:7      | Noticed a hippogriff
  9456 | D:7      | Killed a hippogriff
  9456 | D:7      | Reached skill level 5 in Fighting
  9456 | D:7      | Reached XP level 9. HP: 40/65 MP: 11/20
  9683 | D:7      | Noticed Duvessa
  9683 | D:7      | Noticed Dowan
  9690 | D:7      | Killed Duvessa
  9693 | D:7      | Killed Dowan
 10450 | D:8      | Found Gaodgh's Antique Weapon Shop.
 10484 | D:8      | Noticed Pikel
 10510 | D:8      | Killed Pikel
 10645 | D:8      | Found Deynn's Antique Armour Shoppe.
 11897 | D:9      | Reached skill level 5 in Dodging
 11897 | D:9      | Reached XP level 10. HP: 71/78 MP: 2/21
 11911 | D:9      | Noticed a cyclops
 12179 | D:9      | Killed a cyclops
 12765 | D:9      | Found an ornate altar of the Wu Jian Council.
 12765 | D:9      | Found a hazy altar of Hepliaklqana.
 12783 | D:9      | Reached skill level 1 in Evocations
 13071 | D:9      | Found a shadowy altar of Dithmenos.
 13071 | D:9      | Found a shattered altar of Ashenzari.
 13167 | D:10     | Entered Level 10 of the Dungeon
 13192 | D:10     | Noticed a death yak
 13192 | D:10     | Noticed a death yak
 13201 | D:10     | Noticed a death yak
 13205 | D:10     | Killed a death yak
 13209 | D:10     | Killed a death yak
 13434 | D:10     | Found Cown's Weapon Shop.
 13434 | D:10     | Found a staircase to the Orcish Mines.
 13763 | D:10     | Found a staircase to the Lair.
 13929 | D:10     | Killed a death yak
 13929 | D:10     | Reached XP level 11. HP: 65/84 MP: 5/23
 14161 | D:10     | Noticed an unseen horror
 14166 | D:10     | Killed an unseen horror
 14603 | D:10     | Noticed Erolcha
 14782 | Lair:1   | Entered Level 1 of the Lair of Beasts
 14795 | Lair:1   | Noticed Fannar
 14805 | Lair:1   | Killed Fannar
 14817 | Lair:1   | Found a labyrinth entrance.
 14824 | Lab      | Entered a labyrinth
 15257 | Lab      | Noticed a minotaur
 15270 | Lab      | Killed a minotaur
 15495 | Lab      | Got a heavily runed plate armour
 15502 | Lab      | Got an ancient leather armour
 15533 | Lab      | Identified the +2 leather armour of Honesty {+Blink rElec} (You found it in a labyrinth)
 15543 | Lab      | Identified the +9 plate armour of Crawling {rElec} (You took it off a minotaur in a labyrinth)
 16152 | Lair:1   | Noticed Harold
 16162 | Lair:1   | Killed Harold
 19014 | Lair:3   | Lost mutation: You have sharp toenails. [potion of mutation]
 19014 | Lair:3   | Lost mutation: Your mind is acute. (Int +2) [potion of mutation]
 19014 | Lair:3   | Lost mutation: You are clumsy. (Dex -2) [potion of mutation]
 19014 | Lair:3   | Lost mutation: Your muscles are strong. (Str +2) [potion of mutation]
 19014 | Lair:3   | Lost mutation: You occasionally shout uncontrollably at your foes. [potion of mutation]
 19014 | Lair:3   | Gained mutation: Scrolls take you a little longer to read. [potion of mutation]
 19014 | Lair:3   | Gained mutation: Your muscles are strong. (Str +2) [potion of mutation]
 19014 | Lair:3   | Gained mutation: You tend to lose your temper in combat. [potion of mutation]
 19014 | Lair:3   | Gained mutation: Your muscles are very strong. (Str +4) [potion of mutation]
 19243 | Lair:3   | Noticed a four-headed hydra
 19252 | Lair:3   | Killed a four-headed hydra
 19252 | Lair:3   | Reached XP level 12. HP: 90/90 MP: 10/26
 19476 | Lair:3   | Got a steaming quick blade
 19477 | Lair:3   | Identified the +2 quick blade "Toho Mat" {pierce, rElec Dex+2 Stlth+} (You found it on level 3 of the Lair of Beasts)
 19725 | Lair:3   | Noticed a seven-headed hydra
 19731 | Lair:3   | Killed a seven-headed hydra
 19973 | Lair:3   | Identified a scroll of acquirement
 20363 | Lair:4   | Noticed a five-headed hydra
 20369 | Lair:4   | Killed a five-headed hydra
 20369 | Lair:4   | Reached skill level 10 in Conjurations
 20412 | Lair:4   | Reached skill level 10 in Fire Magic
 20993 | Lair:6   | Entered Level 6 of the Lair of Beasts
 20993 | Lair:6   | Noticed a six-headed hydra
 20999 | Lair:6   | HP: 3/90 [elephant (3)]
 20999 | Lair:6   | Slain by a six-headed hydra

Vault maps used:
D:1:      eino_arrival_cavern_a, corner_web_ring, minivault_24,
          minmay_hexomino_f4
D:3:      first_bread
D:4:      nicolae_gozag_cash_rules_everything_around_me,
          gup_ossuary_entry_pyramid, serial_shops, shop
D:5:      elyvilon_altar_5, temple_statues
D:6:      serial_bayou_crossing
D:7:      xom_confusion_cloud, uniq_duvessa, uniq_prince_ribbit1
D:8:      serial_shops, shop, shop, uniq_pikel
D:9:      grunt_temple_overflow_open, the_bakery
D:10:     dpeg_lair_monsters, orc_david_3, uniq_erolcha
Lair:1:   enter_volcano_1, lab_entry_generic, minivault_24,
          nicolae_quartered_pool_super, minmay_hedge_maze, minivault_23,
          uniq_harold, uniq_fannar
Lair:4:   statuecave_lemuel, minmay_swamp_entry_swarm,
          minmay_snake_entry_six_corridors, grunt_forest_stairs_basic
Lair:5:   minivault_23, roderic_batcave, minmay_lindwurm_lava, lemuel_fruit_tree
Lair:6:   grunt_lair_end_beastmaster, slime_altar_1, guppyfry_lair_drakes,
          infiniplex_staircase_pool_2
Lab:      labyrinth_mini_lab, labyrinth_skeletal_remains, nicolae_lab_grate,
          nicolae_lab_garden, nicolae_lab_checkerboard, nicolae_lab_t_cross,
          nicolae_lab_grate_2, nicolae_lab_arrow
Ossuary:  ossuary_tomb_3

Skill      XL: |  1  2  3  4  5  6  7  8  9 10 11 12 |
---------------+-------------------------------------+-----
Conjurations   | 1 2 3 4 5 6 7 9 10 | 10.3
Spellcasting   | 2 3 4 5 7 |  7.0
Fire Magic     | 3 4 5 6 7 9 10 | 10.2
Fighting       | 5 8 |  8.0
Dodging        | 5 7 |  7.0
Evocations     | 4 |  4.0
Stealth        | |  1.7

Action                   |  1- 3 |  4- 6 |  7- 9 | 10-12 || total
-------------------------+-------+-------+-------+-------++-------
 Cast: Flame Tongue      |    90 |   140 |   304 |   372 ||   906
       Conjure Flame     |       |     7 |    17 |    23 ||    47
       Sticky Flame      |       |     3 |    24 |    67 ||    94
       Fireball          |       |       |       |    13 ||    13
Evoke: Wand              |       |     2 |       |     6 ||     8
  Use: Potion            |       |     1 |     2 |     7 ||    10
       Scroll            |       |       |    21 |    13 ||    34
  Eat: Chunk             |     4 |     7 |    44 |    38 ||    93
       Fruit             |       |     4 |       |       ||     4
Armor: Robe              |    20 |     8 |    38 |       ||    66
       Leather armour    |       |       |    14 |    72 ||    86
Dodge: Dodged            |    33 |    34 |   128 |   207 ||   402
